 Dungeon Crawl Stone Soup version 0.19-a0-1905-ge8b2aad (webtiles) character file.

5973 Naow the Holy Warrior (level 11, -3/85 (87) HPs)
             Began as a Formicid Fighter on Oct 21, 2016.
             Was a Priest of the Shining One.
             Slain by a slime creature (13 damage)
             ... on level 10 of the Dungeon.
             The game lasted 00:11:47 (8398 turns).

Naow the Holy Warrior (Formicid Fighter)            Turns: 8398, Time: 00:11:48

HP:   -3/85 (87)    AC: 13    Str: 24    XL:     11   Next: 10%
MP:   19/19         EV:  4    Int:  8    God:    the Shining One [***...]
Gold: 565           SH: 17    Dex: 10    Spells: 0 memorised, 10 levels left

rFire  . . .     SeeInvis +     a - +0 war axe
rCold  . . .     Gourm    .     F - +0 plate armour
rNeg   + . .     Faith    .     v - +0 large shield (curse)
rPois  +         Spirit   .     (helmet unavailable)
rElec  .         Reflect  .     O - +1 cloak
rCorr  .         Harm     .     (no gloves)
MR     ++...                    (no boots)
Stlth  ..........               i - amulet of regeneration
                                y - ring of poison resistance
                                l - ring of protection from magic

@: glowing
A: permanent stasis, dig shafts and tunnels, four strong arms, antennae 3
a: Dig, Shaft Self, Divine Shield, Renounce Religion


You were on level 10 of the Dungeon.
You worshipped the Shining One.
The Shining One was most pleased with you.
You were not hungry.

You visited 1 branch of the dungeon, and saw 10 of its levels.

You collected 565 gold pieces.

Inventory:

Hand Weapons
 a - a +0 war axe (weapon)
Armour
 b - a +0 scale mail
 c - a +0 shield
 v - a cursed +0 large shield (worn)
 F - a +0 plate armour (worn)
 O - a +1 cloak (worn)
Jewellery
 i - an amulet of regeneration (around neck)
 l - a ring of protection from magic (left hand)
 y - a ring of poison resistance (right hand)
 B - an uncursed ring of protection from fire {unknown}
 D - a +3 ring of intelligence {unknown}
 I - an uncursed ring of magical power {unknown}
 L - an uncursed ring of resist corrosion {unknown}
Wands
 K - a wand of random effects (37/48)
Scrolls
 k - 5 scrolls of teleportation {unknown}
 n - a scroll of amnesia {unknown}
 q - 3 scrolls of noise {unknown}
 r - 2 scrolls of magic mapping {unknown}
 t - 3 scrolls of recharging {unknown}
 u - 9 scrolls of identify {unknown}
 w - 4 scrolls of remove curse {unknown}
 A - 2 scrolls of fear {unknown}
 C - 2 scrolls of fog {unknown}
 G - a scroll of random uselessness {unknown}
 J - 2 scrolls of enchant weapon {unknown}
 N - a scroll of immolation {unknown}
Potions
 d - a potion of lignification {unknown}
 e - 2 potions of magic {unknown}
 g - 6 potions of curing {unknown}
 h - 5 potions of heal wounds {unknown}
 j - 4 potions of haste {unknown}
 o - 2 potions of brilliance {unknown}
 p - a potion of resistance
 E - a potion of ambrosia {unknown}
 M - 2 potions of might
Books
 z - a book of Conjurations

   Spells                             Type                      Level
   a - Magic Dart                     Conjuration                  1
   b - Searing Ray                    Conjuration                  2
   c - Dazzling Spray                 Conjuration/Hexes            3
   d - Fulminant Prism                Conjuration/Hexes            4
   e - Iskenderun's Mystic Blast      Conjuration                  4
   f - Iskenderun's Battlesphere      Conjuration/Charms           5
Comestibles
 f - 6 bread rations
 m - 5 meat rations
 s - 11 royal jellies
 x - 2 fruits
 H - 16 chunks of flesh


   Skills:
 - Level 8.8 Fighting
 - Level 7.8 Axes
 - Level 3.2 Armour
 - Level 9.3 Shields
 + Level 11.3 Invocations


You had 10 spell levels left.
You didn't know any spells.

Dungeon Overview and Level Annotations

Branches:
Dungeon (10/15)            Temple (0/1) D:5             Orc (0/2) D:10
   Lair: D:8-11

Altars:
Fedhas
Makhleb
Uskayaw
The Shining One

Shops:
D:5 !   D:8 (   D:9 [


Innate Abilities, Weirdness & Mutations

You are under a permanent stasis effect.
You can dig through walls and to a lower floor.
Your four strong arms can wield two-handed weapons with a shield.
You have a pair of large antennae on your head. (SInv)


Message History

The slime creature hits you.
A large slime creature splits.
You block the slime creature's attack.
You hit the slime creature.
The slime creature is almost dead.
You hit the slime creature. You slash the slime creature! x2
The slime creature hits you! You block the slime creature's attack.
The slime creature hits you but does no damage.
The slime creature hits you!
* * * LOW HITPOINT WARNING * * *
You are too injured to fight recklessly!
You are too injured to fight recklessly!
Unknown command.
You are too injured to fight recklessly!
You slash the slime creature!
You kill the slime creature!
You hit the slime creature. x2; You slash the slime creature!
The slime creature hits you!
* * * LOW HITPOINT WARNING * * *
The slime creature hits you!
You die...

....###+###.# ##......
.............###..#....
##...........##...##....
#...............#####...
...............## #...
.............### ##..
#....$.......# ##.
......J...##..# ##
......J@..###.# #
#......J.## #..
#.......## ... #......##
..$. #.....# ... ##...#
#..# ###


You could see 3 slime creatures.

Vanquished Creatures
  Pikel (D:6)
  Prince Ribbit (D:6)
  2 slime creatures (D:10)
  6 yaks (D:10)
  A wyvern (D:9)
  Duvessa (D:5)
  A water moccasin (D:7)
  3 sky beasts
  A slave (D:6)
  2 orc warriors
  An ice beast (D:8)
  2 black bears
  3 necrophages
  2 ogres
  2 phantoms
  4 centaurs
  3 bullfrogs
  Dowan (D:5)
  A scorpion (D:8)
  3 wights (D:9)
  7 killer bees
  The ghost of krem the Charmwright, a weakling DsSk of Vehumet (D:3)
  2 howler monkeys
  2 hounds
  4 jellies
  2 centaur skeletons
  8 orc wizards
  7 orc priests
  A bullfrog skeleton (D:6)
  2 iguanas
  5 worker ants
  A hound zombie (D:8)
  3 hound skeletons
  A worker ant zombie (D:7)
  4 gnolls (D:8)
  11 adders
  A howler monkey skeleton (D:5)
  2 shadow imps
  6 oozes
  An adder skeleton (D:6)
  2 worms (D:2)
  3 dart slugs (D:2)
  2 leopard geckos
  31 orcs
  7 bats
  10 giant cockroaches
  6 goblins
  7 hobgoblins
  13 jackals
  13 kobolds
  5 quokkas
  7 frilled lizards
  A jackal skeleton (D:5)
  7 rats
226 creatures vanquished.

Notes
Turn   | Place    | Note
-------+----------+-------------------------------------------
     0 | D:1      | Naow the Formicid Fighter began the quest for the Orb.
     0 | D:1      | Reached XP level 1. HP: 18/18 MP: 1/1
   228 | D:1      | Reached XP level 2. HP: 24/24 MP: 2/2
   782 | D:2      | Reached XP level 3. HP: 16/29 MP: 3/3
  1222 | D:2      | Reached XP level 4. HP: 33/37 MP: 4/4
  1613 | D:2      | You fall through a shaft!
  1702 | D:3      | Noticed krem's ghost (weakling DsSk)
  2132 | D:3      | Reached XP level 5. HP: 36/42 MP: 5/5
  2148 | D:3      | Found a glowing golden altar of the Shining One.
  2162 | D:3      | Became a worshipper of the Shining One
  2910 | D:3      | Killed krem's ghost
  2910 | D:3      | Reached skill level 5 in Shields
  3112 | D:4      | Reached XP level 6. HP: 33/49 MP: 6/6
  3438 | D:4      | Reached skill level 5 in Fighting
  3519 | D:4      | Noticed an ogre
  3523 | D:4      | Killed an ogre
  3524 | D:4      | Found a burning altar of Makhleb.
  3569 | D:4      | Reached XP level 7. HP: 41/56 MP: 7/7
  3658 | D:5      | Entered Level 5 of the Dungeon
  3724 | D:5      | Found a staircase to the Ecumenical Temple.
  3734 | D:5      | Found Ighu's Distillery.
  3780 | D:5      | Reached skill level 5 in Axes
  3843 | D:5      | Reached * piety under the Shining One
  3863 | D:5      | Reached XP level 8. HP: 44/65 MP: 8/8
  3964 | D:5      | Noticed Duvessa
  3967 | D:5      | Noticed Dowan
  3979 | D:5      | Killed Dowan
  3983 | D:5      | Killed Duvessa
  5078 | D:6      | Noticed Prince Ribbit
  5093 | D:6      | Killed Prince Ribbit
  5133 | D:6      | Reached XP level 9. HP: 71/72 MP: 9/9
  5156 | D:6      | Noticed Pikel
  5172 | D:6      | Killed Pikel
  5661 | D:7      | Found a blossoming altar of Fedhas.
  5662 | D:7      | Found a hide-covered altar of Uskayaw.
  6318 | D:7      | Found a burning altar of Makhleb.
  6372 | D:8      | Reached ** piety under the Shining One
  6466 | D:8      | Reached skill level 1 in Invocations
  6473 | D:8      | Reached skill level 2 in Invocations
  6473 | D:8      | Reached XP level 10. HP: 76/82 MP: 9/11
  6631 | D:8      | Reached skill level 3 in Invocations
  6688 | D:8      | Reached skill level 4 in Invocations
  6845 | D:8      | Found Pextyum's Weapon Shop.
  7202 | D:8      | Reached skill level 5 in Invocations
  7541 | D:9      | Reached skill level 6 in Invocations
  7656 | D:9      | Reached skill level 7 in Invocations
  7742 | D:9      | Found Xunwij's Armour Boutique.
  7869 | D:9      | Reached skill level 8 in Invocations
  8089 | D:10     | Entered Level 10 of the Dungeon
  8089 | D:10     | Found a staircase to the Orcish Mines.
  8089 | D:10     | Reached *** piety under the Shining One
  8140 | D:10     | Reached skill level 9 in Invocations
  8314 | D:10     | Reached skill level 10 in Invocations
  8358 | D:10     | Reached XP level 11. HP: 84/85 MP: 17/19
  8396 | D:10     | Reached skill level 11 in Invocations
  8398 | D:10     | Slain by a slime creature

Vault maps used:
D:1:      mrwooster_arrival_arrow
D:3:      st_stairs_4, nicolae_tso_carved_into_rock
D:4:      old_standard_altar
D:5:      first_bread, serial_co_window_serial, co_window_cross_1,
          co_window_of_opportunity_a, co_window_paths_a, co_window_paths_b,
          co_window_corner_a, co_window_corner_a, co_window_2corner,
          co_window_corner_b, co_window_unsneaky_path_b, co_window_broadway_c,
          co_window_paths_c, co_window_broadway_b, co_window_unsneaky_path_e,
          glass_columns_b, glass_columns_c, glass_columns_c, glass_columns_b,
          glass_columns_b, serial_shops, nicolae_shop_behind_doors, uniq_duvessa
D:6:      uniq_prince_ribbit1, uniq_pikel
D:7:      gammafunk_temple_overflow_pools, makhleb_blood_cavern_becter
D:8:      serial_shops, nicolae_shop_crystal
D:9:      serial_shops, shop, hangedman_little_slice_of_home,
          hangedman_abyss_or_decor_stabs
D:10:     orc_0_dummy, special_room, serial_shops, kennysheep_little_box

Skill      XL: |  1  2  3  4  5  6  7  8  9 10 11 |
---------------+----------------------------------+-----
Shields        | 4 5 6 7 9 |  9.3
Fighting       | 4 5 6 7 8 |  8.8
Axes           | 3 4 5 6 7 |  7.8
Invocations    | 2 10 11 | 11.3
Armour         | |  3.2

Action                   |  1- 3 |  4- 6 |  7- 9 | 10-12 || total
-------------------------+-------+-------+-------+-------++-------
Melee: War axe           |   118 |   232 |   230 |   287 ||   867
Invok: Divine Shield     |       |       |       |     1 ||     1
  Use: Potion            |       |       |     1 |       ||     1
  Eat: Chunk             |     1 |     8 |     9 |     8 ||    26
Armor: Scale mail        |    50 |    76 |    26 |       ||   152
       Plate armour      |       |       |    51 |    86 ||   137
Dodge: Dodged            |    42 |    64 |    30 |    30 ||   166
Block: Shield            |    51 |    44 |       |       ||    95
       Large shield      |       |   124 |   212 |   266 ||   602
